 Dungeon Crawl Stone Soup version 0.28.0-1-gb440e238dd (webtiles) character file.

Game seed: 11959559772240180582

16 Woods the Caller (level 2, -2/11 HPs)
             Began as a Felid Summoner on Feb 25, 2022.
             Slain by a hobgoblin (4 damage)
             ... led by Robin
             ... on level 2 of the Dungeon.
             The game lasted 00:02:08 (1924 turns).

Woods the Caller (Felid Summoner)                   Turns: 1924, Time: 00:02:09

Health: -2/11      AC:  1    Str:  4    XL:     2   Next: 41%
Magic:  0/6        EV: 17    Int: 16    God:
Gold:   74         SH:  0    Dex: 16    Spells: 2/5 levels left
                                        Lives:  0   Deaths: 0

rFire   . . .      SeeInvis +   (weapon unavailable)
rCold   . . .      Faith    .   (shield unavailable)
rNeg    . . .      Spirit   .   (armour unavailable)
rPois   .          Reflect  .   (helmet unavailable)
rElec   .          Harm     .   (cloak unavailable)
rCorr   .          Rampage  .   (gloves unavailable)
Will    .....                   (boots unavailable)
Stlth   ++........              (no amulet)
HPRegen 0.03/turn               (no ring)
MPRegen 0.10/turn               (no ring)

@: about to teleport, quick
A: very small, claws 1, fangs 3, see invisible, speed 1, shaggy fur 1, stealthy
paws, no weapons or thrown items, no armour, multi-lived
a: no special abilities


You were on level 2 of the Dungeon.
You visited 1 branch of the dungeon, and saw 2 of its levels.

You collected 74 gold pieces.

Inventory:

Scrolls
 a - a scroll of teleportation
 c - 3 scrolls of identify {unknown}
Potions
 b - a potion of curing {unknown}
 d - a potion of magic {unknown}
 e - a potion of heal wounds {unknown}
 f - 2 potions of attraction {unknown}


   Skills:
 + Level 3.1 Dodging
 + Level 3.2 Stealth
 + Level 2.2 Spellcasting
 + Level 4.1 Summonings


You had 2 spell levels left.
You knew the following spells:

 Your Spells              Type           Power      Damage    Failure   Level
a - Summon Small Mammal   Summ           60%        N/A       3%          1
b - Call Imp              Summ           15%        N/A       5%          2

Your spell library contained the following spells:

 Spells                   Type           Power      Damage    Failure   Level
 Call Canine Familiar     Summ           15%        N/A       11%         3
 Summon Guardian Golem    Hex/Summ       8%         N/A       26%         3
 Summon Lightning Spire   Summ/Air       8%         N/A       65%         4


Dungeon Overview and Level Annotations

Branches:
Dungeon (2/15)

Altars:

Annotations:
D:2 Robin


Innate Abilities, Weirdness & Mutations

You have sharp claws.
You have razor-sharp teeth.
You have supernaturally acute eyesight. (SInv)
You cover ground quickly. (Speed+)
You are covered in fur. (AC +1)
Your paws help you pounce on unaware monsters.
You are incapable of wielding weapons or throwing items.
You cannot wear armour.
You gain extra lives every three experience levels.


Message History

The goblin barely misses you.
Casting: Summon Small Mammal (safe; 3% risk of failure)
Confirm with . or Enter, or press ? or * to list all spells.
The goblin hits you with a +0 dagger.
Casting: Summon Small Mammal (safe; 3% risk of failure)
Confirm with . or Enter, or press ? or * to list all spells.
You don't have enough magic to cast this spell.
You see here 4 gold pieces.
Your rat barely misses the goblin.
The goblin hits you but does no damage.
The hobgoblin no longer looks unusually strong.
Casting: Summon Small Mammal (safe; 3% risk of failure)
Confirm with . or Enter, or press ? or * to list all spells.
A beastly little devil appears in a puff of flame.
Your rat completely misses the goblin.
The goblin closely misses you.
The goblin hits your crimson imp with a +0 dagger.
Robin roars a battlecry!
The goblins go into a battle-frenzy!
The goblin misses your crimson imp.
Your rat bites the goblin.
Your crimson imp closely misses the goblin.
The hobgoblin hits your crimson imp.
You closely miss the goblin.
The goblin hits your crimson imp with a +0 club.
Your crimson imp barely misses the hobgoblin.
The hobgoblin hits your crimson imp.
Your crimson imp dies!
Your crimson imp disappears in a puff of smoke!
Your rat bites the goblin.
The goblin hits you but does no damage.
Casting: Call Imp (safe; 5% risk of failure)
Confirm with . or Enter, or press ? or * to list all spells.
You don't have enough magic to cast this spell.
Unknown command.
Robin roars a battlecry!
Your rat completely misses the goblin.
The goblin hits you with a +0 dagger.
Ouch! That really hurt!
* * * LOW HITPOINT WARNING * * *
As you read the scroll labelled ACUEFE SATU, it crumbles to dust.
You feel strangely unstable.
It was a scroll of teleportation.
The goblin misses you. x2; The hobgoblin hits you.
You die...

.[....§gg....#
......##....##
####.####.#.#
.g...# #.#.#
###### #...#
##..#
###..######
#....g..gg#
#.....rg.@#
#...$...gg#
###########


You could see Robin, a hobgoblin (strong), 4 goblins and a friendly rat
(summoned).

Vanquished Creatures
  A kobold (D:2)
  A bat (D:2)
2 creatures vanquished.

Vanquished Creatures (collateral kills)
  A dart slug (D:1)
  A bat (D:2)
  2 endoplasms
  A goblin (D:2)
  A hobgoblin (D:2)
  A ball python (D:2)
  A frilled lizard (D:2)
  2 kobolds
  2 rats (D:1)
12 creatures vanquished.

Grand Total: 14 creatures vanquished

Notes
Turn   | Place    | Note
-------+----------+-------------------------------------------
     0 | D:1      | Woods the Felid Summoner began the quest for the Orb.
     0 | D:1      | Reached XP level 1. HP: 7/7 MP: 4/4
   997 | D:1      | Found a faded altar of an unknown god.
  1129 | D:2      | Reached XP level 2. HP: 3/11 MP: 4/6
  1431 | D:2      | Noticed Robin
  1465 | D:1      | Learned a level 2 spell: Call Imp
  1924 | D:2      | Slain by a hobgoblin

Illustrated notes

Levels and vault maps discovered:
D:1:      dpeg_arrival_more_subterranean_lakeside_camping, layout_loops_corners,
          dilly_ecumenical_altar_fadedgnrine, minmay_misc_feat_columns
D:2:      layout_rooms, uniq_robin, uniq_crazy_yiuf_cottage

Skill      XL: |  1 |
---------------+----+-----
Stealth        | 3 |  3.2
Dodging        | 3 |  3.1
Spellcasting   | |  2.2
Summonings     | |  4.1

Action                   || total
-------------------------++-------
Melee: Unarmed           ||    15
       Bite              ||     1
 Cast: Summon Small Mamm ||    25
       Call Imp          ||     4
  Use: Scroll            ||     1
Armor: Skin              ||     6
Dodge: Dodged            ||    54
